 Dungeon Crawl Stone Soup version 0.20-a0-540-ge6d1839 (webtiles) character file.

106 Klosterheim the Skirmisher (level 4, 0/48 HPs)
             Began as an Ogre Skald on Jan 29, 2017.
             Slain by an orc wizard
             ... wielding a +3 dagger of draining
              (6 damage)
             ... on level 3 of the Dungeon.
             The game lasted 00:03:08 (2628 turns).

Klosterheim the Skirmisher (Ogre Skald)             Turns: 2628, Time: 00:03:10

Health: 0/48       AC:  3    Str: 15    XL:     4   Next: 84%
Magic:  7/7        EV:  9    Int: 14    God:
Gold:   139        SH:  0    Dex:  9    Spells: 4/7 levels left

rFire    . . .     SeeInvis .   q - +0 flail (curse)
rCold    . . .     Gourm    .   b - +0 robe
rNeg     . . .     Faith    .   (no shield)
rPois    +         Spirit   .   (helmet restricted)
rElec    .         Reflect  .   (no cloak)
rCorr    .         Harm     .   (gloves unavailable)
MR       .....                  (boots unavailable)
Stlth    +.........             (no amulet)
Regen    0.2/turn               t - ring of flight
                                a - ring of poison resistance

@: very slightly contaminated, hasted and slowed, heavily drained
A: unfitting armour, tough skin 1
a: Evoke Flight


You were on level 3 of the Dungeon.
You were not hungry.

You visited 1 branch of the dungeon, and saw 3 of its levels.

You collected 139 gold pieces.

Inventory:

Hand Weapons
 q - a cursed +0 flail (weapon)
Armour
 b - a +0 robe (worn)
Jewellery
 a - a ring of poison resistance (left hand)
 t - a ring of flight (right hand)
Scrolls
 e - 10 scrolls of identify {unknown}
 f - 2 scrolls of teleportation {unknown}
 i - a scroll of amnesia {unknown}
 k - a scroll of remove curse {unknown}
Potions
 j - a potion of haste
 l - a potion of curing {unknown}
 n - a potion of flight {unknown}
 o - a potion of cure mutation {unknown}
 p - a potion of might {unknown}
 r - a potion of lignification {unknown}
 s - a potion of heal wounds {unknown}
Books
 c - a book of Battle

   Spells                             Type                      Level
   a - Infusion                       Charms                       1
   b - Shroud of Golubria             Charms/Translocation         2
   c - Song of Slaying                Charms                       2
   d - Spectral Weapon                Hexes/Charms                 3
   e - Regeneration                   Charms/Necromancy            3
Comestibles
 d - a bread ration
 g - a meat ration
 h - a fruit
 m - 4 chunks of flesh


   Skills:
 + Level 4.2(2.9) Fighting
 * Level 3.7(2.4) Maces & Flails
 - Level 2.1(0.8) Dodging
 - Level 2.4(1.1) Spellcasting
 - Level 2.6(1.4) Charms


You had 4 spell levels left.
You knew the following spells:

 Your Spells              Type           Power        Failure   Level  Hunger
a - Infusion              Chrm           #...         17%         1    ##.....
b - Shroud of Golubria    Chrm/Tloc      #.........   34%         2    ###....


Dungeon Overview and Level Annotations

Branches:
Dungeon (3/15)

Altars:


Innate Abilities, Weirdness & Mutations

You are too large for most types of armour.
You have tough skin. (AC +1)


Message History

You completely miss the orc wizard.
The orc wizard is severely wounded.
The orc wizard hits you with a dagger of draining.
* * * LOW HITPOINT WARNING * * *
You feel drained.
* * * LOW HITPOINT WARNING * * *
The orc wizard barely misses you.
It was a potion of haste.
You feel yourself speed up.
You are no longer magically infusing your attacks.
The orc wizard hits you with a dagger of draining.
* * * LOW HITPOINT WARNING * * *
You feel drained.
You are very lightly contaminated with residual magic.
You hit the orc wizard but do no damage.
The orc wizard is severely wounded.
The orc wizard hits you with a dagger of draining.
* * * LOW HITPOINT WARNING * * *
You feel drained.
The orc wizard hits you with a dagger of draining.
You die...

####### #.....#
#.....# #..###
#.....# #..#8##
#.....#####.....
#.....+..##....
#.....##.##...
#.....##.##..#
####÷..#@##..###
###.#o##.##'#####
####'#o##........#
#........###÷#####
#........+..<....#
##........#########
#.........#
#.........#
#.o.......#


You could see an orc wizard and an orc.

Vanquished Creatures
  Ijyb (D:2)
  3 adders (D:2)
  A dart slug (D:1)
  2 leopard geckos
  An orc (D:3)
  A ball python (D:1)
  4 giant cockroaches
  3 hobgoblins
  9 kobolds
  A quokka (D:2)
  5 bats
  2 frilled lizards (D:1)
  6 goblins
  7 rats
46 creatures vanquished.

Notes
Turn   | Place    | Note
-------+----------+-------------------------------------------
     0 | D:1      | Klosterheim the Ogre Skald began the quest for the Orb.
     0 | D:1      | Reached XP level 1. HP: 22/22 MP: 3/3
    85 | D:1      | Reached skill level 3 in Fighting
    93 | D:1      | Reached XP level 2. HP: 17/31 MP: 5/5
  1036 | D:1      | Reached XP level 3. HP: 37/37 MP: 6/6
  2080 | D:2      | Reached skill level 4 in Fighting
  2080 | D:2      | Reached XP level 4. HP: 48/48 MP: 3/7
  2219 | D:2      | Noticed Ijyb
  2228 | D:2      | Killed Ijyb
  2277 | D:2      | Learned a level 2 spell: Shroud of Golubria
  2628 | D:3      | Slain by an orc wizard

Vault maps used:
D:1:      dpeg_arrival_tiny_d, minmay_pentomino_w2
D:2:      mrwooster_statue_mirror, uniq_iyjb
D:3:      kennysheep_the_goblin_king, corexii_hall_statues_x,
          serial_park_tiny_pond

Skill      XL: |  1  2  3 |
---------------+----------+-----
Fighting       | 3 4 |  4.2
Maces & Flails | 2 3 |  3.7
Dodging        | |  2.1
Spellcasting   | |  2.4
Charms         | |  2.6

Action                   |  1- 3 |  4- 6 || total
-------------------------+-------+-------++-------
Melee: Mace              |   136 |     1 ||   137
       Flail             |       |    25 ||    25
 Cast: Infusion          |     3 |     3 ||     6
  Use: Potion            |       |     1 ||     1
 Stab: Sleeping          |       |     2 ||     2
  Eat: Chunk             |     4 |     2 ||     6
Armor: Robe              |    53 |     1 ||    54
Dodge: Dodged            |   114 |     6 ||   120
